 Dungeon Crawl Stone Soup version 0.32-a0-918-g0f22ef8d61 (webtiles) character file.

Game seed: 11405244782972733002

372 ezpacito the Chopper (level 6, -1/40 (48) HPs)
             Began as a Coglin Chaos Knight on Apr 11, 2024.
             Was a Plaything of Xom.
             Slain by Edmund
             ... wielding a +1 dire flail of draining
              (4 damage)
             ... on level 4 of the Dungeon.
             The game lasted 00:01:49 (2205 turns).

ezpacito the Chopper (Coglin Chaos Knight)          Turns: 2205, Time: 00:01:50

HP:   -1/40 (48)    AC:  5    Str: 14    XL:     6   Next: 71%
MP:   7/7           EV: 11    Int: 11    God:    Xom [.*....]
Gold: 126           SH:  0    Dex: 14    Spells: 7/7 levels left

rFire   . . .        r - +0 broad axe (chaos) {Shedsu-nefertum}
rCold   . . .        g - +2 short sword (flame) {Kulveer}
rNeg    . . .        b - +2 leather armour
rPois   .            (no helmet)
rElec   .            (no cloak)
rCorr   .            (no gloves)
SInv    .            (no boots)
Will    .....        (amulet unavailable)
Stlth   +            (ring unavailable)
HPRegen 0.26/turn    (ring unavailable)
MPRegen 0.10/turn    (no gizmo)

%: no passive effects
@: mighty, heavily drained, revved
A: off-hand wielding, slow wielding, warmup strikes, no jewellery
a: Invent Gizmo, Renounce Religion


You were on level 4 of the Dungeon.
You worshipped Xom.
You were a plaything of Xom.
You visited 2 branches of the dungeon, and saw 5 of its levels.

You collected 126 gold pieces.

Inventory:

Hand Weapons
 a - a +0 hand axe of chaos {Carmen}
 g - a +2 short sword of flaming (offhand) {Kulveer}
 j - a +0 war axe
 r - a +0 broad axe of chaos (weapon) {Shedsu-nefertum}
Armour
 b - a +2 leather armour (worn)
Magical Staves
 f - a staff of air
Wands
 m - a wand of charming (5)
Scrolls
 c - a scroll of butterflies
 i - a scroll of torment {unknown}
 k - a scroll of teleportation {unknown}
 l - a scroll of identify {unknown}
 n - a scroll of poison {unknown}
 o - a scroll of enchant armour {unknown}
 p - a scroll of noise {unknown}
Potions
 d - a potion of might
 e - a potion of lignification {unknown}
 h - a potion of haste {unknown}
 q - 2 potions of curing


   Skills:
 * Level 3.9 Fighting
 * Level 4.0(4.4) Axes
 * Level 2.1(3.2) Polearms
 * Level 2.9 Armour
 * Level 2.3 Dodging
 + Level 1.1 Stealth
 + Level 1.1 Spellcasting
 + Level 1.8 Evocations


You had 7 spell levels left.
You didn't know any spells.
Your spell library contained the following spells:

 Spells                   Type           Power      Damage    Failure   Level
 Tukima's Dance           Hex            0%         N/A       75%         3
 Dimensional Bullseye     Hex/Tloc       0%         N/A       98%         4
 Iskenderun's Mystic Bla Conj/Tloc 0%             2d3        (+2d1     98%         4


Dungeon Overview and Level Annotations

Branches:
Dungeon (4/15)             Temple (1/1) D:4

Altars:
Cheibriados
Dithmenos
Elyvilon
Fedhas
Gozag
Hepliaklqana
Kikubaaqudgha
Makhleb
Nemelex Xobeh
Okawaru
Qazlal
Ru
Sif Muna
Trog
Uskayaw
Vehumet
Wu Jian
Xom
Yredelemnul
Zin
The Shining One

Annotations:
D:4 Edmund


Innate Abilities, Weirdness & Mutations

You can wield a second weapon in your off-hand.
It takes a long time for you to wield or remove held weapons.
Your first few attacks do less damage.
You cannot equip rings or amulets.


Message History

Edmund barely misses you.
You barely miss Edmund with your +2 short sword of flaming.
Edmund is moderately wounded.
You hit Edmund but do no damage. Edmund barely misses you.
You barely miss Edmund with your +2 short sword of flaming.
Edmund is moderately wounded.
You closely miss Edmund with your +0 broad axe of chaos.
Edmund barely misses you.
Edmund hits you with a +1 dire flail of draining!
You feel drained.
You take 13 damage, and have 26/44 hp.
MASSIVE DAMAGE!!
You are too injured to fight recklessly!
You are too injured to fight recklessly!
You are too injured to fight recklessly!
You are too injured to fight recklessly!
You are too injured to fight recklessly!
You are too injured to fight recklessly!
You are too injured to fight recklessly!
It was a potion of might.
You feel very mighty all of a sudden.
d - a potion of might;
e - a glowing blue potion Edmund hits you with a +1 dire flail of draining!
You feel drained.
You take 10 damage, and have 16/43 hp.
MASSIVE DAMAGE!!
You closely miss Edmund with your +0 broad axe of chaos.
Edmund is moderately wounded.
You puncture Edmund with your +2 short sword of flaming!
You burn Edmund.
Edmund hits you with a +1 dire flail of draining.
You feel drained.
You take 1 damage, and have 15/42 hp.
You hit Edmund but do no damage.
Edmund is poisoned.
Edmund is heavily wounded.
You hit Edmund but do no damage.
Edmund hits you with a +1 dire flail of draining!
* * * LOW HITPOINT WARNING * * *
You feel drained.
You die...
Edmund says, "I'd like to see a scythe do that!"
Xom is highly amused!

..##..##
##..#...#
#......>#
.......##
......#
#....## #
#....# ##
#...### ##.
#@##..####
##.#
#@####...##
##.## ..#
##...# #..##
...#
##).#####..##
###.# ##..##
#.#.###
#####....#
#..## #
#......###..#
##......##.##
#....#....#


You could see Edmund (poisoned).

Vanquished Creatures
  Sigmund (D:4)
  A bombardier beetle (D:3)
  A hound (D:4)
  An orc priest (D:3)
  An orc wizard (D:3)
  3 adders
  2 dart slugs (D:2)
  2 ribbon worms (D:2)
  6 orcs (D:3)
  3 ball pythons
  2 bats
  3 endoplasms
  3 giant cockroaches
  3 goblins
  2 hobgoblins
  5 jackals
  6 kobolds
  2 quokkas (D:4)
  2 frilled lizards (D:3)
  2 rats (D:3)
51 creatures vanquished.

Notes
Turn   | Place    | Note
-------+----------+-------------------------------------------
     0 | D:1      | ezpacito the Coglin Chaos Knight began the quest for the
                  | Orb.
     0 | D:1      | Reached XP level 1. HP: 18/18 MP: 1/1
    89 | D:1      | Reached skill level 1 in Dodging
   208 | D:1      | XOM: silly message
   330 | D:1      | Reached XP level 2. HP: 22/24 MP: 2/2
   861 | D:2      | Reached XP level 3. HP: 29/29 MP: 3/3
   926 | D:2      | Found a faded altar of an unknown god.
  1362 | D:3      | Reached skill level 1 in Polearms
  1475 | D:3      | Reached XP level 4. HP: 35/35 MP: 4/4
  1507 | D:3      | Reached skill level 1 in Evocations
  1533 | D:3      | Reached XP level 5. HP: 18/41 MP: 5/5
  1745 | D:3      | XOM: silly message
  1803 | D:3      | XOM: stat loss: -1 Int (10/11)
  1942 | D:3      | XOM: god gift: +0 broad axe of chaos
  2036 | D:4      | Found a staircase to the Ecumenical Temple.
  2060 | Temple   | Entered the Ecumenical Temple
  2176 | D:4      | Noticed Sigmund
  2186 | D:4      | Killed Sigmund
  2187 | D:4      | Reached skill level 4 in Axes
  2187 | D:4      | Reached skill level 1 in Stealth
  2187 | D:4      | Reached skill level 1 in Spellcasting
  2187 | D:4      | Reached XP level 6. HP: 47/48 MP: 7/7
  2196 | D:4      | Noticed Edmund
  2205 | D:4      | Slain by Edmund

Illustrated notes

Levels and vault maps discovered:
D:1:      dpeg_arrival_line_fractal, layout_basic, minmay_misc_feat_doors
D:2:      layout_rooms, ebering_ecumenical_altar_mist, dk_noncrumbling_4
D:3:      layout_loops_ring, chequers_serial_rivers_micro_b,
          kennysheep_generic_room_14
D:4:      layout_layer_cave, minmay_temple_entry_overgrown, st_stairs_11,
          uniq_sigmund, uniq_edmund
Temple:   nicolae_temple_the_god_donut

Skill      XL: |  1  2  3  4  5 |
---------------+----------------+-----
Dodging        | 1 2 |  2.3
Armour         | 2 |  2.9
Polearms       | 1 2 |  2.1
Evocations     | 1 |  1.8
Axes           | 4 |  4.0
Stealth        | 1 |  1.1
Spellcasting   | 1 |  1.1
Fighting       | |  3.9

Action                     |  1- 3 |  4- 6 || total
---------------------------+-------+-------++-------
  Melee: Hand axe          |    53 |    31 ||    84
         Dagger            |     9 |       ||     9
         Short sword       |    41 |    52 ||    93
         Broad axe         |       |    25 ||    25
    Use: Potion            |       |     3 ||     3
   Stab: Confused          |     1 |       ||     1
         Sleeping          |       |     1 ||     1
 Armour: Leather armour    |    38 |    36 ||    74
  Dodge: Dodged            |    40 |    21 ||    61

Table legend: (Time is in decaauts)
 A = Elapsed time spent in this place.
 B = Non-inter-level travel time spent in this place.
 C = Inter-level travel time spent in this place.
 D = Time resting spent in this place.
 E = Time spent auto-exploring this place.
 F = Levels seen in this place.
 G = Mean time per level.
                   A        B        C        D        E       F      G
               +--------+--------+--------+--------+--------+-----+--------+
         Total |   2216 |   2141 |     75 |      0 |   1795 |   5 |  443.2 |
       Dungeon |   2214 |   2140 |     74 |      0 |   1795 |   4 |  553.5 |
        Temple |      1 |      1 |      0 |      0 |      0 |   1 |    1.0 |
               +--------+--------+--------+--------+--------+-----+--------+

Top non-repeatable levels by time:
     D:1: 804 daAuts
     D:3: 782 daAuts
     D:2: 449 daAuts
     D:4: 178 daAuts
  Temple: 1 daAuts
